 Dungeon Crawl Stone Soup version 0.20-a0-893-g832831a (webtiles) character file.

213 Ornstein the Magician (level 5, 0/37 HPs)
             Began as a Demonspawn Wanderer on Feb 24, 2017.
             Slain by a bat (1 damage)
             ... on level 3 of the Dungeon on Mar 18, 2017.
             The game lasted 00:07:18 (3606 turns).

Ornstein the Magician (Demonspawn Wanderer)         Turns: 3606, Time: 00:07:18

Health: 0/37       AC:  2    Str: 11    XL:     5   Next: 59%
Magic:  12/12      EV: 11    Int: 15    God:
Gold:   66         SH:  0    Dex: 13    Spells: 11/13 levels left

rFire    . . .     SeeInvis .   o - +4 quarterstaff (chaos)
rCold    . . .     Gourm    .   d - +0 robe
rNeg     . . .     Faith    .   (shield currently unavailable)
rPois    .         Spirit   .   (no helmet)
rElec    .         Reflect  .   (no cloak)
rCorr    .         Harm     .   (no gloves)
MR       .....                  (no boots)
Stlth    +++.......             i - amulet of magic regeneration
Regen    0.2/turn               (no ring)
MPRegen  0.2/turn               s - ring of stealth

@: no status effects
A: talons 1, nightstalker 1
a: no special abilities


You were on level 3 of the Dungeon.
You were near starving.

You visited 1 branch of the dungeon, and saw 3 of its levels.

You collected 66 gold pieces.

Inventory:

Hand Weapons
 e - a +0 dagger
 g - a +0 mace
 o - a +4 quarterstaff of chaos (weapon)
Armour
 d - a +0 robe (worn)
 h - a +0 leather armour
 p - a +2 cloak
Jewellery
 i - an amulet of magic regeneration (around neck)
 s - a ring of stealth (left hand)
Scrolls
 c - a scroll of teleportation
 j - 4 scrolls of remove curse {unknown}
 k - 2 scrolls of blinking {unknown}
 n - 3 scrolls of immolation {unknown}
 q - a scroll of noise {unknown}
 r - a scroll of fog {unknown}
 t - 3 scrolls of identify {unknown}
Potions
 l - a potion of curing {unknown}
 m - a potion of lignification {unknown}
Books
 a - a Young Poisoner's Handbook

   Spells                             Type                      Level
   a - Sting                          Conjuration/Poison           1
   b - Poisonous Vapours              Poison/Air                   2
   c - Mephitic Cloud                 Conjuration/Poison/Air       3
   d - Olgreb's Toxic Radiance        Poison                       4
   e - Venom Bolt                     Conjuration/Poison           5
 b - the Handbook of Arcane Weapons

   Spells                             Type                      Level
   a - Flame Tongue                   Conjuration/Fire             1
   b - Mephitic Cloud                 Conjuration/Poison/Air       3
Comestibles
 f - 5 bread rations


   Skills:
 - Level 1.0 Fighting
   Level 1.0 Axes
 - Level 1.0 Armour
 * Level 4.9 Spellcasting
   Level 2.1 Necromancy
 - Level 3.0 Poison Magic
   Level 2.0 Evocations


You had 11 spell levels left.
You knew the following spells:

 Your Spells              Type           Power        Failure   Level  Hunger
a - Poisonous Vapours     Pois/Air       #.....       14%         2    ##.....


Dungeon Overview and Level Annotations

Branches:
Dungeon (3/15)

Altars:


Innate Abilities, Weirdness & Mutations

You have sharp toenails.
You are slightly more attuned to the shadows.


Message History

* * * LOW HITPOINT WARNING * * *
The bat misses you. The bat barely misses you. The bat barely misses you.
The bat closely misses you. The bat hits you.
* * * LOW HITPOINT WARNING * * *
The bat closely misses you. The bat hits you but does no damage.
The bat misses you. The bat hits you.
* * * LOW HITPOINT WARNING * * *
The bat closely misses you. The bat barely misses you.
The bat completely misses you. The bat hits you.
* * * LOW HITPOINT WARNING * * *
The bat hits you but does no damage. The bat misses you. The bat hits you.
You die...

######### #..[....#
#.......# #####+##.......#
#.# #..............# #.#.#
+........b@....# #.#)#
#.......###+######## #.#.#
#.......##.........# #.#.#
#.......##.........# #.#.#
#.......##.........####.#.#
+......รท.'.........'.....>#
#.......##.........##.#....
.......##.........##.#####
.......##.........##.#


You could see a bat.

Vanquished Creatures
  Crazy Yiuf (D:2)
  2 orc wizards (D:3)
  3 gnolls (D:2)
  4 adders
  A worm (D:1)
  A dart slug (D:2)
  2 leopard geckos
  2 orcs (D:3)
  2 giant cockroaches (D:2)
  8 goblins
  4 hobgoblins
  5 jackals
  2 quokkas
  9 bats
  4 frilled lizards
  5 kobolds
  5 rats
60 creatures vanquished.

Notes
Turn   | Place    | Note
-------+----------+-------------------------------------------
     0 | D:1      | Ornstein the Demonspawn Wanderer began the quest for the Orb.
     0 | D:1      | Ornstein set off with: a Young Poisoner's Handbook, the Handbook of Arcane Weapons, a scroll of teleportation, a +0 robe, a +0 dagger, a bread ration
     0 | D:1      | Reached XP level 1. HP: 15/15 MP: 2/2
     0 | D:1      | Identified the Handbook of Arcane Weapons
   169 | D:1      | Reached skill level 1 in Spellcasting
   200 | D:1      | Gained mutation: You have sharp toenails. [demonic ancestry]
   200 | D:1      | Reached XP level 2. HP: 18/21 MP: 4/4
   289 | D:1      | You fall through a shaft!
   401 | D:2      | Learned a level 2 spell: Poisonous Vapours
   411 | D:2      | Reached skill level 2 in Spellcasting
   507 | D:2      | Reached XP level 3. HP: 14/26 MP: 0/6
   903 | D:2      | Reached skill level 3 in Spellcasting
  1250 | D:2      | Reached XP level 4. HP: 32/32 MP: 7/9
  1258 | D:2      | Found a runed door.
  1262 | D:2      | Noticed Crazy Yiuf
  1272 | D:2      | Killed Crazy Yiuf
  1630 | D:1      | Reached skill level 4 in Spellcasting
  2636 | D:3      | Gained mutation: You are slightly more attuned to the shadows. [demonic ancestry]
  2636 | D:3      | Reached XP level 5. HP: 23/37 MP: 3/11
  3189 | D:3      | Upgraded the game from 0.20-a0-738-gb057e68 to 0.20-a0-795-ga03948b
  3189 | D:3      | Upgraded the game from 0.20-a0-795-ga03948b to 0.20-a0-893-g832831a
  3605 | D:3      | HP: 1/37 [bat (1)]
  3606 | D:3      | Slain by a bat

Vault maps used:
D:1:      tarquinn_simple_flora_water_c, dk_noncrumbling_4
D:2:      first_bread, minmay_misc_feat_tower, uniq_crazy_yiuf_cottage
D:3:      kennysheep_nub

Skill      XL: |  1  2  3  4 |
---------------+-------------+-----
Spellcasting   | 1 2 3 4 |  4.9
Fighting       | |  1.0
Axes           | |  1.0
Armour         | |  1.0
Necromancy     | |  2.1
Poison Magic   | |  3.0
Evocations     | |  2.0

Action                   |  1- 3 |  4- 6 || total
-------------------------+-------+-------++-------
Melee: Mace              |    69 |       ||    69
       Kick              |     9 |    14 ||    23
       Quarterstaff      |       |    84 ||    84
 Cast: Poisonous Vapours |     9 |     9 ||    18
 Stab: Sleeping          |     2 |     4 ||     6
  Eat: Chunk             |     1 |     7 ||     8
Armor: Robe              |    13 |   230 ||   243
       Leather armour    |    14 |       ||    14
Dodge: Dodged            |    53 |   331 ||   384
